 Dungeon Crawl Stone Soup version 0.27-a0-364-g31b3477d74 (webtiles) character file.

Game seed: 6282407797832105523

4 namelastname112 the Conjurer (level 1, -2/14 HPs)
             Began as a Draconian Conjurer on Feb 16, 2021.
             Slain by a kobold (4 damage)
             ... on level 1 of the Dungeon.
             The game lasted 00:00:34 (119 turns).

namelastname112 the Conjurer (Draconian Conjurer)    Turns: 119, Time: 00:00:34

Health: -2/14      AC:  4    Str:  9    XL:     1   Next: 50%
Magic:  0/3        EV: 12    Int: 18    God:
Gold:   0          SH:  0    Dex:  9    Spells: 3/4 levels left

rFire    . . .     SeeInvis .   (no weapon)
rCold    . . .     Faith    .   (no shield)
rNeg     . . .     Spirit   .   (armour unavailable)
rPois    .         Reflect  .   (helmet restricted)
rElec    .         Harm     .   (no cloak)
rCorr    .         Rampage  .   (no gloves)
Will     .....                  (no boots)
Stlth    ++........             (no amulet)
HPRegen  0.04/turn              (no ring)
MPRegen  0.08/turn              (no ring)

@: no status effects
A: unfitting armour, cold-blooded, AC +4
a: no special abilities


You were on level 1 of the Dungeon.
You visited 1 branch of the dungeon, and saw 1 of its levels.

You aren't carrying anything.


   Skills:
 - Level 1.7 Dodging
 - Level 1.7 Stealth
 + Level 2.1 Spellcasting
 + Level 4.1 Conjurations


You had 3 spell levels left.
You knew the following spells:

 Your Spells              Type           Power        Failure   Level
z - Magic Dart            Conj           64%          3%          1

Your spell library contained the following spells:

 Spells                   Type           Power        Failure   Level
 Searing Ray              Conj           32%          4%          2
 Dazzling Flash           Conj/Hex       18%          22%         3
 Fulminant Prism          Conj/Hex       4%           58%         4
 Iskenderun's Mystic Bla  Conj/Tloc      9%           58%         4


Dungeon Overview and Level Annotations

Branches:
Dungeon (1/15)

Altars:


Innate Abilities, Weirdness & Mutations

Your plain brown scales are hard. (AC +4)
You cannot fit into any form of body armour.
You are cold-blooded and may be slowed by cold attacks.


Message History

You are very lightly contaminated with residual magic!
Nothing appears to happen!
You now have 0/3 mp!
Casting: Magic Dart (safe; 3% risk of failure)
Confirm with ! or Enter, or press ? or * to list all spells!
You don't have enough magic to cast this spell!
The kobold throws a stone!
The stone barely misses you!
Your magical contamination has completely faded away!
The kobold throws a stone!
The stone hits you but does no damage!
The kobold throws a stone!
The stone barely misses you!
Casting: Magic Dart (safe; 3% risk of failure)
Confirm with ! or Enter, or press ? or * to list all spells!
Aiming: Magic Dart (safe; 3% risk of failure)
Press: ? - help, Shift-Dir - straight line, f/p - kobold
Aim: a kobold, quivering stones (0% to evade)
The magic dart hits the kobold!
The kobold is moderately wounded!
You now have 0/3 mp!
You start resting!
A kobold is nearby!!!
The kobold barely misses you!
You barely miss the kobold!
The kobold is moderately wounded!
The kobold hits you! * * * don't die
* * * You take 4 damage, and have 3/14 hp!
MASSIVE DAMAGE!!!!!!
You completely miss the kobold!
The kobold is moderately wounded!
The kobold hits you! * * * don't die
* * * You take 1 damage, and have 2/14 hp!
Casting: Magic Dart (safe; 3% risk of failure)
Confirm with ! or Enter, or press ? or * to list all spells!
Aiming: Magic Dart (safe; 3% risk of failure)
Press: ? - help, Shift-Dir - straight line, f/p - kobold
Aim: a kobold, quivering stones (moderately wounded, 0% to evade)
The magic dart hits the kobold!
The kobold is severely wounded!
The kobold hits you! rip

#.#.<.#.# ##
###.##'##.# .#
#.'.+[....# .# #
#.#+##########.#+#.#
#.#................#
#...#########......#
###.# #...........#
#K# #.........#.#
#@# #>........# #
#.####.K..###..#
#..†.........#.#
######....##.#.#
#....# #.. ###### .


You could see a kobold.

Vanquished Creatures
  3 jackals (D:1)
3 creatures vanquished.

Notes
Turn   | Place    | Note
-------+----------+-------------------------------------------
     0 | D:1      | namelastname112 the Draconian Conjurer began the quest for
                  | the Orb.
     0 | D:1      | Reached XP level 1. HP: 14/14 MP: 3/3
   119 | D:1      | Slain by a kobold

Illustrated notes

Levels and vault maps discovered:
D:1:      ncdulo_smallfort, layout_basic, serial_park_tiny_pond, nrook_campfire

Action                   || total
-------------------------++-------
Melee: Unarmed           ||    13
       Tailslap          ||     2
 Cast: Magic Dart        ||     8
Armor: Skin              ||     5
Dodge: Dodged            ||    15

Table legend: (Time is in decaauts)
 A = Elapsed time spent in this place.
 B = Non-inter-level travel time spent in this place.
 C = Inter-level travel time spent in this place.
 D = Time resting spent in this place.
 E = Time spent auto-exploring this place.
 F = Levels seen in this place.
 G = Mean time per level.
                   A        B        C        D        E       F      G
               +--------+--------+--------+--------+--------+-----+--------+
         Total |    119 |    119 |      0 |      5 |     41 |   1 |  119.0 |
       Dungeon |    119 |    119 |      0 |      5 |     41 |   1 |  119.0 |
               +--------+--------+--------+--------+--------+-----+--------+

Top non-repeatable levels by time:
     D:1: 119 daAuts
